 Dungeon Crawl Stone Soup version 0.21.1-1-g345015f (webtiles) character file.

260 VersusAllOdds the Shield-Bearer (level 6, -5/34 HPs)
             Began as a Gargoyle Fighter on July 21, 2018.
             Was an Initiate of Hepliaklqana.
             Killed from afar by Natasha (6 damage)
             ... with a wand of flame (11)
             ... on level 3 of the Dungeon.
             The game lasted 00:18:37 (3549 turns).

VersusAllOdds the Shield-Bearer (Gargoyle Fighter)  Turns: 3549, Time: 00:18:38

Health: -5/34      AC: 11    Str: 20    XL:     6   Next: 17%
Magic:  6/6        EV:  8    Int:  9    God:    Hepliaklqana [......]
Gold:   157        SH:  9    Dex: 10    Spells: 5/5 levels left

rFire    . . .     SeeInvis .   a - +0 war axe
rCold    . . .     Gourm    .   c - +0 shield
rNeg     + . .     Faith    .   t - +1 ring mail {rPois}
rPois    ∞         Spirit   .   (no helmet)
rElec    +         Reflect  .   (no cloak)
rCorr    +         Harm     .   (no gloves)
MR       .....                  (no boots)
Stlth    +.........             (no amulet)
HPRegen  0.11/turn              r - ring of resist corrosion
MPRegen  0.10/turn              (no ring)

@: no status effects
A: reduced essence, negative energy resistance 1, electricity resistance,
unbreathing, petrification resistance, rot immunity, AC +4
a: Recall Ancestor, Ancestor Identity, Renounce Religion


You were on level 3 of the Dungeon.
You worshipped Hepliaklqana.
Hepliaklqana was noncommittal.
You were not hungry.

You visited 2 branches of the dungeon, and saw 5 of its levels.

You collected 157 gold pieces.

Inventory:

Hand Weapons
 a - a +0 war axe (weapon)
Armour
 b - a +0 scale mail
 c - a +0 shield (worn)
 t - a +1 ring mail of poison resistance (worn)
 w - a +0 cloak
Jewellery
 r - a ring of resist corrosion (left hand)
 u - a +3 ring of intelligence {unknown}
Scrolls
 g - a scroll of remove curse
 l - a scroll of teleportation
 o - a scroll of magic mapping
 p - 5 scrolls of identify
 v - a scroll of immolation {unknown}
 x - a scroll of blinking {unknown}
Potions
 d - 2 potions of might
 e - a potion of cancellation {unknown}
 h - a potion of resistance {unknown}
 i - a potion of heal wounds
 j - a potion of mutation {unknown}
 k - a potion of curing
 m - a potion of ambrosia {unknown}
 q - a potion of flight {unknown}
 s - 2 potions of lignification {unknown}
Comestibles
 f - 4 rations
 n - 3 chunks of flesh


   Skills:
 + Level 4.0 Fighting
 + Level 3.5 Axes
 + Level 4.3 Armour
 + Level 0.9 Dodging
 + Level 0.2 Stealth
 + Level 4.8 Shields


You had 5 spell levels left.
You didn't know any spells.

Dungeon Overview and Level Annotations

Branches:
Dungeon (4/15)             Temple (1/1) D:4

Altars:
Ashenzari
Dithmenos
Elyvilon
Fedhas
Gozag
Hepliaklqana
Kikubaaqudgha
Makhleb
Nemelex Xobeh
Okawaru
Sif Muna
Vehumet
Zin

Annotations:
D:3 Grinder, Natasha


Innate Abilities, Weirdness & Mutations

You are resistant to torment.
Your stone body is resilient. (AC +4)
You are immune to poison.
You resist negative energy. (rN+)
You are resistant to electric shocks. (rElec)
You can survive without breathing.
You are immune to petrification.
You are immune to rotting.
Your life essence is reduced to manifest your ancestor. (-10% HP)


Message History

The gnoll is moderately wounded.
The gnoll hits you with a flail!
* * * LOW HITPOINT WARNING * * *
As you read the scroll of teleportation, it crumbles to dust.
You feel strangely unstable. The gnoll hits you but does no damage.
Your surroundings suddenly seem different.
Natasha, Servant of Life and Death comes into view.
Grinder shouts!
Natasha drinks a potion.
Natasha seems to speed up.
Grinder gestures at you.
You suddenly lose the ability to move!
Natasha claws you but does no damage. Grinder gestures at you.
You shrug off the repeated paralysis!
Natasha claws you but does no damage. Natasha claws you.
* * * LOW HITPOINT WARNING * * *
You can move again.
Natasha hisses.
Natasha zaps a wand.
The puff of flame hits you!
You die...

#≈≈..≈..≈..≈..≈≈≈######.#.#
#≈≈..≈..≈⌠.≈...≈≈######.#.#
#≈≈...≈.⌠≈..≈..≈≈#......#.#
#≈≈≈..≈..≈..≈..≈≈########.##
##≈≈≈..≈..≈≈...≈#### ##.#.##
##.≈..≈.......##..####.###.##
#..≈≈........##...##.## ##.##
##............#......## ##.#
#..........h.@....)##.##
##.##
####...............<##.###.##
#.....#.#...#.##.###.#.##
#.....#..5....##.# ##.##
####.###.......##.# #.#
#.....##........#.## #.#
#.##5..............# #.#
#.##.###.(......#..###.#
#.##.###..)............#


You could see Grinder and Natasha.

Vanquished Creatures
  Jessica (D:3)
  A worker ant (D:2)
  Natasha (twice) (D:3)
  5 gnolls (D:4)
  An adder (D:4)
  An ooze (D:1)
  An adder skeleton (D:4)
  2 worms
  A dart slug (D:2)
  2 leopard geckos (D:3)
  An orc (D:4)
  11 bats
  3 giant cockroaches
  5 goblins
  4 hobgoblins (D:2)
  5 jackals
  6 kobolds
  A quokka (D:4)
  2 frilled lizards
  9 rats
64 creatures vanquished.

Vanquished Creatures (collateral kills)
  An iguana (D:3)
1 creature vanquished.

Vanquished Creatures (others)
  2 ancestors
2 creatures vanquished.

Grand Total: 67 creatures vanquished

Notes
Turn   | Place    | Note
-------+----------+-------------------------------------------
     0 | D:1      | VersusAllOdds the Gargoyle Fighter began the quest for the Orb.
     0 | D:1      | Reached XP level 1. HP: 14/14 MP: 1/1
    98 | D:1      | Reached XP level 2. HP: 16/19 MP: 2/2
   112 | D:1      | Found a white marble altar of Elyvilon.
   611 | D:2      | Reached XP level 3. HP: 11/24 MP: 3/3
   941 | D:2      | Reached XP level 4. HP: 25/29 MP: 4/4
  1355 | D:3      | Found a faded altar of an unknown god.
  1355 | D:3      | Noticed an ice beast
  1401 | D:3      | Noticed Jessica
  1405 | D:3      | Killed Jessica
  1743 | D:3      | Noticed Grinder
  1953 | D:3      | Noticed Natasha
  1962 | D:3      | Killed Natasha
  1962 | D:3      | Reached XP level 5. HP: 25/33 MP: 5/5
  2804 | D:4      | Found a staircase to the Ecumenical Temple.
  2881 | Temple   | Entered the Ecumenical Temple
  3089 | Temple   | Became a worshipper of Hepliaklqana the Forgotten
  3491 | D:3      | Reached XP level 6. HP: 18/34 MP: 6/6
  3522 | D:3      | Noticed Natasha
  3528 | D:3      | Killed Natasha
  3544 | D:3      | Noticed Natasha
  3544 | D:3      | Paralysed by Grinder for 5 turns
  3548 | D:3      | HP: 1/34 [Natasha (6)]
  3549 | D:3      | Killed from afar by Natasha

Skill      XL: |  1  2  3  4  5 |
---------------+----------------+-----
Axes           | 2 3 |  3.5
Armour         | 4 |  4.3
Shields        | 4 |  4.8
Fighting       | 4 |  4.0
Dodging        | |  0.9
Stealth        | |  0.2

Action                   |  1- 3 |  4- 6 || total
-------------------------+-------+-------++-------
Melee: War axe           |   107 |   131 ||   238
  Use: Scroll            |       |     8 ||     8
  Eat: Chunk             |       |     5 ||     5
       Ration            |       |     1 ||     1
Armor: Scale mail        |    60 |     5 ||    65
       Ring mail         |       |    78 ||    78
Dodge: Dodged            |    35 |    52 ||    87
Block: Shield            |    69 |    88 ||   157
